 Dungeon Crawl Stone Soup version 0.24.0-13-gcf9b319 (webtiles) character file.

Game seed: 12949275517045586057, levelgen mode: deterministic

361 Fang the Skirmisher (level 6, -1/60 HPs)
             Began as a Gargoyle Berserker on Nov 12, 2019.
             Was a Priest of Trog.
             Slain by a river rat (7 damage)
             ... in a sewer.
             The game lasted 00:03:05 (2257 turns).

Fang the Skirmisher (Gargoyle Berserker)            Turns: 2257, Time: 00:03:06

Health: -1/60      AC:  6    Str: 28    XL:     6   Next: 66%
Magic:  6/6        EV: 13    Int:  7    God:    Trog [***...]
Gold:   144        SH:  0    Dex:  9    Spells: 5/5 levels left

rFire    . . .     SeeInvis .   a - +0 hand axe
rCold    . . .     Gourm    .   (no shield)
rNeg     + . .     Faith    .   b - +0 animal skin
rPois    ∞         Spirit   .   (no helmet)
rElec    +         Reflect  .   (no cloak)
rCorr    .         Harm     .   (no gloves)
MR       .....                  (no boots)
Stlth    ..........             n - amulet of rage
HPRegen  0.20/turn              (no ring)
MPRegen  0.10/turn              (no ring)

@: berserking, very quick
A: negative energy resistance 1, electricity resistance, unbreathing,
petrification resistance, rot immunity, AC +4
a: Berserk, Trog's Hand, Renounce Religion, Evoke Berserk Rage


You were in a sewer.
You worshipped Trog.
Trog was most pleased with you.
You were near starving.

You visited 1 branch of the dungeon, and saw 3 of its levels.
You also visited: Sewer.

You collected 144 gold pieces.

Inventory:

Hand Weapons
 a - a +0 hand axe (weapon)
Armour
 b - a +0 animal skin (worn)
Jewellery
 n - an amulet of rage (around neck)
Scrolls
 e - a scroll of enchant armour {unknown}
 f - 3 scrolls of identify {unknown}
 g - a scroll of remove curse {unknown}
 h - 2 scrolls of immolation {unknown}
 i - 2 scrolls of magic mapping {unknown}
 l - a scroll of teleportation {unknown}
 o - a scroll of fear {unknown}
 p - a scroll of blinking {unknown}
Potions
 d - a potion of degeneration {unknown}
 j - 2 potions of brilliance {unknown}
 m - a potion of flight {unknown}
Comestibles
 c - 10 rations


   Skills:
 + Level 4.8 Fighting
 + Level 4.0 Axes
 + Level 4.1 Armour
 + Level 3.1 Dodging


You had 5 spell levels left.
You didn't know any spells.
Your spell library was empty.

Dungeon Overview and Level Annotations

Branches:
Dungeon (3/15)              Sewer (1/1)

Altars:
Cheibriados
Nemelex Xobeh
Sif Muna
Yredelemnul
The Shining One


Innate Abilities, Weirdness & Mutations

You are resistant to torment.
Your stone body is resilient. (AC +4)
You are immune to poison.
You resist negative energy. (rN+)
You are resistant to electric shocks. (rElec)
You can survive without breathing.
You are immune to petrification.
You are immune to rotting.


Message History

The river rat barely misses you.
The river rat bites you but does no damage.
A red film seems to cover your vision as you go berserk!
You feel yourself moving faster!
You feel mighty!
You are near starving!
The river rat misses you. The river rat bites you.
* * * LOW HITPOINT WARNING * * *
You hit the river rat.
You kill the river rat!
Trog accepts your kill.
You slash the river rat!
You feel the power of Trog in you as your rage grows.
You kill the river rat!
Trog accepts your kill.
You enter the shallow water.
Moving in this stuff is going to be slow.
You see here a ball python corpse.
You feel a strong urge to attack something.
The river rat bites you!
You die...

##.....≈≈≈≈≈≈≈.....
#.......≈≈≈≈≈≈....
#......≈≈≈≈≈≈.....
#......≈≈≈≈≈≈≈...
##.......≈≈≈≈≈.#
#.....≈≈≈≈≈..#
##.÷...≈≈≈≈..##
####.......≈††..##...
#∩###......≈≈@......#
#.###.....≈≈≈≈r....##
#..#.......≈≈≈.....#
##.........≈≈......#
##.......≈≈≈......#
##.....≈≈≈≈≈......#
#......≈≈≈.......#
......≈≈≈≈....#...
#.....≈≈≈≈≈


You could see a river rat.

Vanquished Creatures
  2 big kobolds (Sewer)
  6 adders
  4 gnolls (D:3)
  5 river rats
  An ooze (D:2)
  2 worms
  3 dart slugs
  4 leopard geckos (D:2)
  An orc (D:3)
  3 ball pythons
  4 giant cockroaches
  6 goblins
  4 hobgoblins
  2 jackals (D:1)
  7 kobolds
  6 bats
  4 frilled lizards
  19 rats
83 creatures vanquished.

Notes
Turn   | Place    | Note
-------+----------+-------------------------------------------
     0 | D:1      | Fang the Gargoyle Berserker began the quest for the Orb.
     0 | D:1      | Reached XP level 1. HP: 14/14 MP: 1/1
    58 | D:1      | Reached XP level 2. HP: 19/19 MP: 2/2
   419 | D:2      | Reached XP level 3. HP: 18/24 MP: 3/3
   420 | D:2      | Reached ** piety under Trog
   445 | D:2      | Found a snail-covered altar of Cheibriados.
   592 | D:2      | Reached XP level 4. HP: 6/29 MP: 4/4
   845 | D:2      | Found a sparkling altar of Nemelex Xobeh.
  1201 | D:2      | Found a glowing golden altar of the Shining One.
  1259 | D:2      | Found a shimmering blue altar of Sif Muna.
  1330 | D:3      | Noticed a black bear
  1435 | D:3      | Reached XP level 5. HP: 26/33 MP: 5/5
  1474 | D:3      | Found a basalt altar of Yredelemnul.
  1637 | D:3      | Found a glowing drain.
  1668 | Sewer    | Entered a sewer
  1861 | Sewer    | Reached *** piety under Trog
  2123 | Sewer    | Noticed a big kobold
  2123 | Sewer    | Noticed a big kobold
  2138 | Sewer    | Killed a big kobold
  2138 | Sewer    | Reached XP level 6. HP: 25/39 MP: 6/6
  2257 | Sewer    | Slain by a river rat

Levels and vault maps discovered:
D:1:      giann_bridges, layout_rooms
D:2:      layout_rooms, nemelex_xobeh_ov_fountains_minmay, marbit_many_paths,
          kennysheep_slug_shrine, led_sif_pool, minmay_quantized
D:3:      layout_rooms, lemuel_doored_altar, portal_sewer_entry_e
Sewer:    sewer_minmay_treatment

Skill      XL: |  1  2  3  4  5  6 |
---------------+-------------------+-----
Axes           | 3 4 |  4.0
Dodging        | 2 3 |  3.1
Armour         | 3 4 |  4.1
Fighting       | 4 |  4.8

Action                   |  1- 3 |  4- 6 || total
-------------------------+-------+-------++-------
Melee: Hand axe          |    92 |   171 ||   263
Invok: Berserk           |     1 |     5 ||     6
       Trog's Hand       |     1 |       ||     1
  Eat: Chunk             |       |     9 ||     9
Armor: Animal skin       |    37 |    88 ||   125
Dodge: Dodged            |    70 |   159 ||   229
